[Event "*** Titled Tuesday Blitz"]
[Site "Chess.com"]
[Date "2020.10.27"]
[Round "5"]
[White "anon569"]
[Black "Miss_JJ20"]
[Result "0-1"]
[WhiteElo "2262"]
[BlackElo "2453"]
[TimeControl "180+1"]
[EndTime "10:55:40 PDT"]
[Termination "Miss_JJ20 won on time"]

1. e4 c5 2. Nf3 Nf6 3. e5 Nd5 4.
c3 e6 5. d4 d6 6. exd6 Bxd6 7. dxc5 Bxc5 8. Be2 O-O 9. O-O Nc6 10.
Nbd2 b6 11. Nb3 Bd6 12. Re1 Bb7 13. Bf1 Rc8 14. Bd2 h6 15. g3 Qf6 16. Bg2 Rfd8 17.
Qe2 a5 18. Nbd4 a4 19. a3 Na5 20. Rad1 Nc4 21. Bc1 Ba6 22. Qc2 b5 23. Nd2 Nxd2 24. Bxd2 Qxd4 25. Bg5 Qxd1 26. Rxd1 hxg5 27. Bxd5 exd5 28.
Qf5 Be7 29. h3 Bb7 30. Kh2 Bf6 31. Qd3 Bc6 32. Qf5 Rc7 33. Qb1 Rcd7 34. Qf5 Rd6 35. Qg4 g6 36. h4 gxh4 37. gxh4 Kg7 38. h5 Rh8 39. Kg2 d4+ 40. Kf1 d3 0-1

[Event "*** Titled Tuesday Blitz"]
[Site "Chess.com"]
[Date "2020.10.27"]
[Round "5"]
[White "wonderfultime"]
[Black "chessasuke"]
[Result "0-1"]
[WhiteElo "2919"]
[BlackElo "2609"]
[TimeControl "180+1"]
[EndTime "10:55:41 PDT"]
[Termination "chessasuke won by resignation"]

1. d4 Nf6 2. Nf3 b6 3. Bf4 Bb7 4. e3 e6 5. Bd3 c5 6. c3 Be7 7.
O-O Nh5 8. Bg3 O-O 9. Qe2 d6 10. a4 a6 11. Nbd2 Nd7 12. e4 Nxg3 13. hxg3 Re8 14. Rfd1 Qc7 15. Rac1 Bf6 16. Nf1 g6 17.
Ne3 Bg7 18. g4 h6 19. g5 hxg5 20. Nxg5 Bc6 21. Qf3 Nf8 22. Ng4 Qe7 23. Qe3 Bxa4 24. Re1 e5 25. dxe5 dxe5 26. Bc4 Ne6 27. Bxe6 fxe6 28. g3 Bf6 29. Nxf6+ Qxf6 30. Kg2 Ra7 31. Rh1 Rd7 32. Ra1 Bb5 33. Rad1 Red8 34. Rxd7 Rxd7 35. Rh6 Rd3 36. Qc1 Bc6 37. Qh1 Rd2 38. Nh3 0-1

[Event "*** Titled Tuesday Blitz"]
[Site "Chess.com"]
[Date "2020.10.27"]
[Round "5"]
[White "Sokoloco"]
[Black "Mimsychess"]
[Result "0-1"]
[WhiteElo "2467"]
[BlackElo "2327"]
[TimeControl "180+1"]
[EndTime "10:55:41 PDT"]
[Termination "Mimsychess won on time"]

1. b3 d5 2. Bb2 Bg4 3. h3 Bh5 4. g4 Bg6 5. Bg2 c6 6. Nf3 Nd7 7. d3 Ngf6 8. Nh4 e5 9. Nxg6 hxg6 10. e4 Bd6 11. Nd2 Qc7 12. Qe2 g5 13. O-O-O O-O-O 14. Nf3 Qa5 15. Kb1 Nf8 16. Nxg5 Rd7 17. exd5 cxd5 18. f4 exf4 19. Rhf1 Ng6 20. d4 Re8 21. Qd2 Qxd2 22. Rxd2 Ne4 23. Rdd1 Nxg5 24. Bxd5 Nxh3 25. c4 Re2 26. c5 Be7 27. Bf3 Re3 28. g5 Nxg5 29.
Bg4 Bf6 30. Bxd7+ Kxd7 31. d5 f3 32. Bxf6 gxf6 33. Rd4 Ne5 34. Rc1 f2 35. c6+ bxc6 36. dxc6+ Kc7 37. Rf4 Ngf3 38. Rxf6 Re1 0-1

[Event "*** Titled Tuesday Blitz"]
[Site "Chess.com"]
[Date "2020.10.27"]
[Round "5"]
[White "garfio2017"]
[Black "marabu44"]
[Result "0-1"]
[WhiteElo "2269"]
[BlackElo "2243"]
[TimeControl "180+1"]
[EndTime "10:55:42 PDT"]
[Termination "marabu44 won on time"]

1. e4 e5 2. Nf3 Nc6 3. d4 exd4 4. Nxd4 Bc5 5. Be3 Qf6 6. c3 Nge7 7. Bc4 Ne5 8. Be2 d6 9. O-O O-O 10. f4 N5c6 11. Kh1 Re8 12. Qd2 Ng6 13. f5 Nf8 14. Bf3 h6 15. b4 Bb6 16. Na3 Ne5 17. Rae1 a6 18. Bd1 Bd7 19. Bb3 Bc6 20. Rf4 Rad8 21.
Ref1 d5 22. Nxc6 Bxe3 23. Qxe3 Nxc6 24. h3 dxe4 25. Rxe4 Rxe4 26. Qxe4 Qe5 27. Qg4 Nh7 28. Nc4 Qf6 29. Ne3 Qg5 30. Qf3 Rd3 31. Re1 Nf6 32. Qe2 Ne4 33. Qc2 Rxe3 0-1

[Event "*** Titled Tuesday Blitz"]
[Site "Chess.com"]
[Date "2020.10.27"]
[Round "5"]
[White "HanSchut"]
[Black "pedro_nascimento85"]
[Result "1-0"]
[WhiteElo "2226"]
[BlackElo "1996"]
[TimeControl "180+1"]
[EndTime "10:55:43 PDT"]
[Termination "HanSchut won by resignation"]

1. e4 e6 2. d4 d5 3. Nd2 c5 4. Ngf3 Nf6 5. exd5 exd5 6. Bb5+ Bd7 7. Bxd7+ Qxd7 8. O-O Be7 9. dxc5 Bxc5 10. Re1+ Be7 11. Ne5 Qc7 12. Nb3 O-O 13. c3 Nc6 14. Nf3 Rad8 15. h3 h6 16. Be3 b6 17. Nbd4 Rfe8 18.
Nxc6 Qxc6 19. Nd4 Qc7 20. Qf3 Ne4 21. Rad1 a6 22. Nf5 Bf8 23. Qg4 Kh8 24. Bd4 f6 25. f3 Ng5 26. h4 Ne6 27. Rxe6 Rxe6 28.
Nxg7 Rc6 29. Ne6 Rxe6 30. Qxe6 Bg7 31. Bxf6 Rg8 32. Rxd5 Qg3 33. Bxg7+ Rxg7 34. Qxh6+ Kg8 35.
Rd8+ Kf7 36. Rd7+ Kg8 37. Qxg7+ Qxg7 38. Rxg7+ Kxg7 39. Kf2 1-0

[Event "*** Titled Tuesday Blitz"]
[Site "Chess.com"]
[Date "2020.10.27"]
[Round "5"]
[White "GMKrikor"]
[Black "Beca95"]
[Result "1-0"]
[WhiteElo "2802"]
[BlackElo "2910"]
[TimeControl "180+1"]
[EndTime "10:55:47 PDT"]
[Termination "GMKrikor won on time"]

1. e4 e6 2. d4 d5 3. Nc3 Bb4 4. e5 c5 5. a3 Bxc3+ 6. bxc3 Ne7 7. Qg4 Qc7 8. Bd3 c4 9. Be2 Qa5 10. Bd2 Nf5 11. Nf3 Nc6 12. Qf4 h6 13. h4 Bd7 14. h5 Qa4 15. Ra2 Nfe7 16. g4 Qb5 17. O-O O-O-O 18. a4 Qa5 19. Rb1 b6 20. Bc1 Rdf8 21.
Rb5 Qa6 22. Ba3 Kd8 23. Rb1 Qb7 24. a5 f6 25. Qe3 Ke8 26. axb6 axb6 27. Bc5 b5 28. Rba1 Kf7 29. exf6 gxf6 30. Qf4 Qb8 31. Bd6 Qc8 32. Ne5+ Nxe5 33. dxe5 f5 34. Ra7 Nc6 35. Rc7 Qd8 36. Bf3 Rfg8 37. Kf1 Ke8 38. gxf5 1-0

[Event "*** Titled Tuesday Blitz"]
[Site "Chess.com"]
[Date "2020.10.27"]
[Round "5"]
[White "TimofeevAr"]
[Black "Korchmar_Vasiliy"]
[Result "1-0"]
[WhiteElo "2778"]
[BlackElo "2604"]
[TimeControl "180+1"]
[EndTime "10:55:47 PDT"]
[Termination "TimofeevAr won by resignation"]

1. c4 e5 2. e3 Nf6 3. Nc3 g6 4. Nf3 Nc6 5. d4 exd4 6. Nxd4 Bg7 7. Be2 O-O 8. O-O d6 9. Nf3 Bf5 10. Bd2 Ne4 11. Nxe4 Bxe4 12. Qc1 Re8 13. Bc3 Ne5 14.
Nd2 Bc6 15. Bxe5 dxe5 16. Qc2 Qh4 17. Bf3 e4 18. Be2 f5 19. g3 Qf6 20. Rab1 g5 21.
b4 f4 22. b5 Bd7 23. Nxe4 Qg6 24. Bd3 Bf5 25. Nc5 Bxd3 26. Qxd3 Qh5 27. exf4 gxf4 28. Qd5+ Qxd5 29. cxd5 f3 30. Nxb7 Re2 31. a4 Bd4 32.
Rb4 Rd2 33. Rb3 Rf8 34. h4 h5 35. d6 cxd6 36. Nxd6 Bxf2+ 37. Rxf2 Rxd6 38. Rbxf3 Rxf3 39. Rxf3 Rd2 40. Rf5 Ra2 41. Rxh5 Rxa4 42. Kg2 1-0

[Event "*** Titled Tuesday Blitz"]
[Site "Chess.com"]
[Date "2020.10.27"]
[Round "5"]
[White "topotun"]
[Black "GjakanTati"]
[Result "0-1"]
[WhiteElo "2756"]
[BlackElo "2618"]
[TimeControl "180+1"]
[EndTime "10:55:48 PDT"]
[Termination "GjakanTati won on time"]

1. e4 e5 2. Nf3 Nc6 3. Bb5 Nf6 4. d3 Bc5 5. Nbd2 d6 6. O-O O-O 7. c3 Bg4 8. h3 Bh5 9. Re1 a6 10. Ba4 b5 11. Bb3 d5 12. exd5 Nxd5 13. Ne4 Ba7 14. Ng3 Bg6 15. Nxe5 Nxe5 16. Rxe5 Bxf2+ 17. Kxf2 Qf6+ 18. Qf3 Qxe5 19. Qxd5 Qxd5 20. Bxd5 Rad8 21. c4 Bxd3 22. Bg5 Rd7 23. Rc1 h6 24. Be3 bxc4 25. Bxc4 Bxc4 26.
Rxc4 f5 27. Ne2 g5 28. g3 Rb8 29. b3 Kf7 30. h4 Kg6 31. Rc6+ Kh5 32. Rxa6 Re8 33.
Nd4 f4 0-1

[Event "*** Titled Tuesday Blitz"]
[Site "Chess.com"]
[Date "2020.10.27"]
[Round "5"]
[White "TheSodabread"]
[Black "alexwinter25"]
[Result "0-1"]
[WhiteElo "1924"]
[BlackElo "2340"]
[TimeControl "180+1"]
[EndTime "10:55:48 PDT"]
[Termination "alexwinter25 won by resignation"]

1. d4 d5 2. Nc3 Nf6 3. Bf4 e6 4. Nb5 Na6 5. e3 c6 6. Nc3 Bd6 7. Nf3 Bxf4 8. exf4 O-O 9. Bd3 Nc7 10. Qe2 b5 11.
O-O-O a5 12. Ne5 Bb7 13. g4 b4 14. Nb1 Ba6 15. g5 Ne4 16. Bxa6 Nxa6 17. f3 Nd6 18. h4 c5 19. h5 cxd4 20. h6 g6 21. Ng4 Qc7 22. Nf6+ Kh8 23. Qe5 Nf5 24. Qxc7 Nxc7 25. Nd2 Rfc8 26. Nb3 Nb5 27. Rd2 a4 28. Na1 b3 29. axb3 axb3 30. Nxb3 Rc4 31. Kb1 Rca4 32. Nd7 R8a5 33. Ndc5 Ra8 34. Nd7 R4a7 35. Nb6 Rb8 36.
Nxd4 Nbxd4 37. c3 Nb3 0-1

[Event "*** Titled Tuesday Blitz"]
[Site "Chess.com"]
[Date "2020.10.27"]
[Round "5"]
[White "Blitzstream"]
[Black "venus02"]
[Result "1/2-1/2"]
[WhiteElo "2714"]
[BlackElo "2512"]
[TimeControl "180+1"]
[EndTime "10:55:50 PDT"]
[Termination "Game drawn - insufficient material"]

1. e4 c5 2. Nf3 d6 3. d4 cxd4 4.
Nxd4 Nf6 5. Nc3 a6 6. Rg1 h5 7.
h3 e6 8. g4 hxg4 9. hxg4 d5 10. Bg2 dxe4 11. Nxe4 Nxe4 12. Bxe4 Qc7 13. Be3 Bd7 14. Qd2 Nc6 15. O-O-O Be7 16. Nxc6 Bxc6 17. Qc3 Bf6 18. Bxc6+ Qxc6 19. Qxc6+ bxc6 20. Rd6 Rc8 21. Rgd1 Rh4 22. g5 Be7 23. Rd7 Rg4 24. f4 Rg3 25. R7d3 Rd8 26. Bd4 Rxd3 27. Rxd3 g6 28. Kd2 c5 29. Be5 Rxd3+ 30. Kxd3 Kd7 31. Kc4 Kc6 32. c3 Bf8 33. b4 cxb4 34. cxb4 Be7 35.
a4 Bf8 36. Bd4 Bd6 37. Be5 Be7 38. b5+ axb5+ 39. axb5+ Kb6 40. Bd4+ Ka5 41. b6 Ka6 42.
Bc5 Bd8 43. Kd4 f6 44. gxf6 Bxf6+ 45. Ke4 g5 46. fxg5 Bxg5 47. Ke5 Kb7 48. Kxe6 Bd8 49. Kd5 Bxb6 1/2-1/2

[Event "*** Titled Tuesday Blitz"]
[Site "Chess.com"]
[Date "2020.10.27"]
[Round "5"]
[White "Mikhail_Golubev"]
[Black "PauloCesarCosta_sad"]
[Result "0-1"]
[WhiteElo "2515"]
[BlackElo "2312"]
[TimeControl "180+1"]
[EndTime "10:55:50 PDT"]
[Termination "PauloCesarCosta_sad won on time"]

1. e4 e6 2. d4 d5 3. Nc3 Nf6 4. Bg5 Be7 5. e5 Nfd7 6. h4 Bxg5 7. hxg5 Qxg5 8. Nh3 Qe7 9. Qg4 g6 10. Nf4 a6 11. O-O-O c5 12. Ncxd5 exd5 13. Nxd5 Qd8 14. e6 Nf6 15. Qf4 Qxd5 16. Qxf6 Rf8 17. exf7+ Rxf7 18. Qh8+ Rf8 19. Re1+ Be6 20. Qxh7 cxd4 21. Qxg6+ Kd7 22.
Rh7+ Bf7 23. Qg7 Nc6 24. Bd3 Rae8 25. Qg4+ Kd8 26. Be4 Qxa2 27. Qg5+ Kc8 28. Bf5+ Kb8 0-1

[Event "*** Titled Tuesday Blitz"]
[Site "Chess.com"]
[Date "2020.10.27"]
[Round "5"]
[White "HrvojeZagreb"]
[Black "SanchezKelvin"]
[Result "0-1"]
[WhiteElo "2229"]
[BlackElo "2398"]
[TimeControl "180+1"]
[EndTime "10:55:50 PDT"]
[Termination "SanchezKelvin won by resignation"]

1. d4 Nf6 2. Bf4 d5 3. e3 c5 4. Nc3 cxd4 5. exd4 a6 6. Bd3 Nc6 7. Nce2 Nh5 8. Be3 g6 9. c3 Bg7 10. h3 O-O 11. Nf3 Qb6 12. Qd2 Re8 13. O-O Nf6 14. Ne5 Ne4 15. Bxe4 dxe4 16. d5 Qc7 17. Nxc6 bxc6 18. dxc6 Qxc6 19. Bd4 e5 20. Be3 Be6 21. Rfd1 f5 22. Bg5 f4 23. Nxf4 exf4 24. Bxf4 Bf7 25. Qd6 Qb5 26. Rd2 g5 27. Bg3 Qf5 28. a4 Bf6 29.
Qb4 e3 30. fxe3 Rxe3 31. Kh2 Rxg3 32. Rad1 Qe5 33. Kh1 Re3 34. Rf2 Re1+ 35. Rxe1 Qxe1+ 36. Kh2 Be5+ 0-1

[Event "*** Titled Tuesday Blitz"]
[Site "Chess.com"]
[Date "2020.10.27"]
[Round "5"]
[White "Bigfish1995"]
[Black "nrvisakh"]
[Result "1-0"]
[WhiteElo "3019"]
[BlackElo "2688"]
[TimeControl "180+1"]
[EndTime "10:55:51 PDT"]
[Termination "Bigfish1995 won by resignation"]

1. e4 c5 2. b4 cxb4 3. a3 d5 4.
exd5 Qxd5 5. Bb2 Nc6 6. axb4 Nxb4 7. Nc3 Qd8 8. Nf3 Nf6 9. Ne5 Nc6 10. Nxc6 bxc6 11.
Bc4 e6 12. Qf3 Bd7 13. Ne4 Be7 14. O-O O-O 15. Qg3 Nh5 16. Qe5 Bf6 17. Nxf6+ Qxf6 18. Ra5 Rfb8 19. Qxb8+ Rxb8 20. Bxf6 Nxf6 21. Rxa7 Kf8 22.
Raa1 Rb4 23. d3 Ke7 24. Rfb1 Rxb1+ 25. Rxb1 Kd6 26. f3 Nd5 27. Kf2 e5 28. Bxd5 Kxd5 29. Ke3 Be6 30. g4 h6 31. Rb8 f5 32. gxf5 Bxf5 33.
Rg8 g6 34. Rh8 h5 35. h4 c5 36. Rd8+ Kc6 37. f4 exf4+ 38. Kxf4 Kb5 39. Rd5 Kb4 40. Ke5 Bg4 41. Kd6 c4 42. dxc4 Kxc4 43. Rg5 Bf5 44.
Rxf5 gxf5 45. Ke5 Kc3 46. Kxf5 Kxc2 47. Kg5 1-0

[Event "*** Titled Tuesday Blitz"]
[Site "Chess.com"]
[Date "2020.10.27"]
[Round "5"]
[White "Onischuk_V"]
[Black "BilodeauA"]
[Result "1/2-1/2"]
[WhiteElo "2798"]
[BlackElo "2906"]
[TimeControl "180+1"]
[EndTime "10:55:52 PDT"]
[Termination "Game drawn by agreement"]

1. e4 e5 2. Nf3 Nc6 3. Bc4 Bc5 4. d3 Nf6 5. Nbd2 d6 6. c3 O-O 7. Bb3 a6 8. O-O Be6 9. Bc2 h6 10. h3 d5 11. exd5 Bxd5 12. Re1 Re8 13. Ne4 Nxe4 14. dxe4 Bc4 15. Bd2 Qf6 16. b3 Be6 17. b4 Bf8 18. Qe2 Ne7 19. Nh2 Ng6 20. Ng4 Qh4 21. Qf3 Rad8 22. Red1 Be7 23. Ne3 Nf4 24. Nf5 Bxf5 25. exf5 Bg5 26. Be3 Rxd1+ 27. Rxd1 e4 28. Qg4 Qxg4 29.
hxg4 Ne2+ 30. Kf1 Nxc3 31. Rd7 Re7 32. Rxe7 Bxe7 33. a3 Bf6 34. Bd2 c6 35. Bxc3 Bxc3 36. Bxe4 Bb2 37. a4 Bc3 38. b5 cxb5 39. axb5 axb5 40.
Bxb7 Kf8 41. Bd5 b4 42. Ke2 Ke7 43. Kd3 Be1 1/2-1/2

[Event "*** Titled Tuesday Blitz"]
[Site "Chess.com"]
[Date "2020.10.27"]
[Round "5"]
[White "Artem_0degov"]
[Black "CheckThis4"]
[Result "1/2-1/2"]
[WhiteElo "2414"]
[BlackElo "2575"]
[TimeControl "180+1"]
[EndTime "10:55:52 PDT"]
[Termination "Game drawn by repetition"]

1. e4 c5 2. Nf3 d6 3. Bb5+ Nd7 4. O-O a6 5. Bd3 Ngf6 6. Re1 b5 7. c3 c4 8. Bc2 Bb7 9. a4 e5 10. Na3 Be7 11.
d4 cxd3 12. Bxd3 bxa4 13. Qxa4 O-O 14. Bg5 Nc5 15. Qc2 Nh5 16. Be3 Nxd3 17. Qxd3 f5 18. Qc4+ d5 19. exd5 Bxd5 20. Qa4 Bxf3 21. gxf3 f4 22.
Rad1 Qc8 23. Bb6 Bxa3 24. bxa3 Qe6 25. Bc5 Rf6 26. Rd6 Rg6+ 27. Kh1 Qh3 28. Qc4+ Kh8 29. Rxg6 hxg6 30. Qe4 Rd8 31. Qxg6 Qxf3+ 32. Kg1 e4 33. Bd4 Rb8 34. Qh6+ Kg8 35. Qe6+ Kh8 36. Qh6+ Kg8 37. Qe6+ Kh8 38. Qh6+ 1/2-1/2

[Event "*** Titled Tuesday Blitz"]
[Site "Chess.com"]
[Date "2020.10.27"]
[Round "5"]
[White "Euge_chess"]
[Black "MathiasWomacka"]
[Result "0-1"]
[WhiteElo "2091"]
[BlackElo "2509"]
[TimeControl "180+1"]
[EndTime "10:55:52 PDT"]
[Termination "MathiasWomacka won on time"]

1. e4 c5 2. c3 d5 3. exd5 Qxd5 4.
d4 Nf6 5. Nf3 e6 6. Be3 Nbd7 7.
Be2 b6 8. O-O Bb7 9. dxc5 Nxc5 10. Bb5+ Ncd7 11. c4 Qxd1 12. Rxd1 a6 13. Ba4 O-O-O 14.
Nc3 Bc5 15. Bg5 h6 16. Bf4 g5 17. Bg3 Nh5 18. Bd6 Bxd6 19. Rxd6 Kc7 20. Rad1 Nc5 21. Rxd8 Rxd8 22. Rxd8 Kxd8 23. Bc2 Nf4 24. Ne5 f6 25. Nf7+ Ke7 26. Nxh6 Bxg2 27. b4 Nd7 28. Ne2 Nxe2+ 29. Kxg2 f5 30. a4 Kf8 31. Nxf5 exf5 32. Bxf5 Ke7 33. Kf1 Nd4 34. Bd3 Ne5 35. Be4 Nxc4 36. Bb7 a5 37. bxa5 bxa5 38. Ke1 Nb2 39. Kd2 Nxa4 40. Kd3 Nc5+ 41. Kxd4 Nxb7 42. h3 Kf6 43. Kc4 Kf5 44. Kb5 Kf4 0-1

[Event "*** Titled Tuesday Blitz"]
[Site "Chess.com"]
[Date "2020.10.27"]
[Round "5"]
[White "Fortitudine"]
[Black "Zhani-Z"]
[Result "0-1"]
[WhiteElo "2299"]
[BlackElo "2535"]
[TimeControl "180+1"]
[EndTime "10:55:53 PDT"]
[Termination "Zhani-Z won by resignation"]

1. c4 e5 2. g3 c6 3. d4 Bb4+ 4. Bd2 Bxd2+ 5. Qxd2 d6 6. dxe5 dxe5 7. Qxd8+ Kxd8 8. Nc3 Nf6 9. Bh3 Bxh3 10. Nxh3 Nbd7 11. O-O-O Kc7 12. Ng5 Rhf8 13. Rd2 a5 14. Rhd1 Nc5 15. h3 h6 16. Nf3 e4 17. Nd4 e3 18. fxe3 Rfe8 19.
Nf5 g6 20. Nxh6 Rxe3 21. Nxf7 a4 22. Kc2 Rxg3 23. Ne5 Re8 24. Ng4 Nxg4 25. hxg4 Rxg4 26.
Rd4 Rxd4 27. Rxd4 g5 28. Rg4 Rg8 29. b4 axb3+ 30. axb3 Kd6 31. b4 Ne6 32. e3 Ke5 33. Kd3 Kf5 34. Rg1 g4 35. Ke2 Ng5 36. Rf1+ Ke5 37. Rf4 Nh3 38. Re4+ Kf5 39. Rd4 g3 40. e4+ Ke5 41. Rd3 g2 42. Rxh3 g1=Q 43. Rh5+ 0-1

[Event "*** Titled Tuesday Blitz"]
[Site "Chess.com"]
[Date "2020.10.27"]
[Round "5"]
[White "doons21"]
[Black "Kaslask"]
[Result "1-0"]
[WhiteElo "2556"]
[BlackElo "2354"]
[TimeControl "180+1"]
[EndTime "10:55:54 PDT"]
[Termination "doons21 won by resignation"]

1. e4 c5 2. c3 e6 3. Nf3 d5 4. d3 Nc6 5. Nbd2 g6 6. g3 Bg7 7. Bg2 Nge7 8. O-O b6 9. Re1 Bb7 10. exd5 Nxd5 11. Nc4 O-O 12. a4 h6 13. Qb3 Qc7 14.
Bd2 Rad8 15. Rad1 Ba6 16. Bc1 Kh7 17. h4 Bb7 18. a5 Ba6 19. axb6 axb6 20. h5 g5 21. Qc2 Kh8 22. Nh2 e5 23. Qb3 b5 24.
Nxe5 Nxe5 25. Bxd5 c4 26. dxc4 bxc4 27. Qa4 Nd3 28.
Rf1 Nxc1 29. Rxc1 Rxd5 30. Qxa6 Rd2 31. Ng4 Qd7 32. Ne3 Rxb2 33. Nxc4 Rc2 34. Rxc2 Qd3 35. Rd2 Qxc3 36. Qa2 Bd4 37. Kg2 Re8 38. Rfd1 Bc5 39. Qb2 Bb4 40. Qxc3+ Bxc3 41. Rd8 Rxd8 42. Rxd8+ Kg7 43.
Rd7 1-0

[Event "*** Titled Tuesday Blitz"]
[Site "Chess.com"]
[Date "2020.10.27"]
[Round "5"]
[White "pfalcon1949"]
[Black "kakakz"]
[Result "0-1"]
[WhiteElo "2018"]
[BlackElo "2391"]
[TimeControl "180+1"]
[EndTime "10:55:54 PDT"]
[Termination "kakakz won by checkmate"]

1. c4 c5 2. Nc3 Nc6 3. g3 g6 4.
Bg2 Bg7 5. e4 e6 6. Nge2 Nge7 7.
d3 O-O 8. O-O a6 9. a4 Rb8 10.
Be3 Nd4 11. Rb1 Nec6 12. b3 d6 13. Qd2 Bd7 14. f4 b5 15. axb5 axb5 16. Kh1 b4 17.
Nd1 Ra8 18. Nxd4 Nxd4 19. Nf2 Ra3 20. Bxd4 Bxd4 21. f5 exf5 22. Qh6 Ra2 23. Nh3 Bg7 24.
Qf4 Be5 25. Qh6 Bg7 26. Qf4 Qe7 27. exf5 Bxf5 28. Rbe1 Be5 29. Qh6 Rxg2 30. Kxg2 Qb7+ 31.
Rf3 Bg4 32. Ng5 Bxf3+ 33. Nxf3 Ra8 34. Re4 Ra2+ 35. Kh3 f5 36. Rh4 Qxf3 37. Qxh7+ Kf8 38. Qh6+ Bg7 39. Qf4 Qg2# 0-1

[Event "*** Titled Tuesday Blitz"]
[Site "Chess.com"]
[Date "2020.10.27"]
[Round "5"]
[White "Aygehovit1992"]
[Black "fabianvivasz"]
[Result "1-0"]
[WhiteElo "2643"]
[BlackElo "2444"]
[TimeControl "180+1"]
[EndTime "10:55:56 PDT"]
[Termination "Aygehovit1992 won on time"]

1. Nf3 c5 2. Nc3 Nf6 3. e4 d6 4. d4 cxd4 5. Nxd4 a6 6. Bg5 Nbd7 7. Qe2 b5 8. O-O-O Bb7 9. f4 Rc8 10. e5 dxe5 11. fxe5 Rxc3 12. exf6 Rc5 13. h4 gxf6 14. Ne6 Qb6 15. Nxc5 Qxc5 16. Be3 Qe5 17. Bd4 Bh6+ 18. Kb1 Qxe2 19. Bxe2 Bxg2 20. Rhg1 Bc6 21. a4 e5 22.
Bc3 Be3 23. Rg7 Kf8 24. Rg3 Bc5 25. axb5 axb5 26. Ba5 Ke7 27. Rc3 Ra8 28. Rxc5 Nxc5 29. Bb4 Ke6 30. Bxc5 Kf5 31. Rd6 Be4 32. Bxb5 Rc8 33. b4 Rb8 34. Rb6 Rd8 35. Be7 Rd2 36. Rxf6+ Kg4 37. Ba4 Rd1+ 38. Kb2 Rd7 39. Bxd7+ 1-0

[Event "*** Titled Tuesday Blitz"]
[Site "Chess.com"]
[Date "2020.10.27"]
[Round "5"]
[White "WPWPWP-2015"]
[Black "rasmussvane"]
[Result "0-1"]
[WhiteElo "2473"]
[BlackElo "2863"]
[TimeControl "180+1"]
[EndTime "10:55:57 PDT"]
[Termination "rasmussvane won by resignation"]

1. e4 c6 2. d4 d5 3. e5 Bf5 4. Be3 e6 5. Nd2 Qb6 6. Qc1 c5 7. Ngf3 Nc6 8. c3 Rc8 9. Nb3 c4 10. Nbd2 Nge7 11. Be2 Bg4 12. O-O Nf5 13. h3 Bxf3 14.
Nxf3 Be7 15. Bg5 Bxg5 16. Nxg5 O-O 17. Rb1 h6 18. Nf3 f6 19. g4 Nfe7 20. Qe3 Ng6 21. exf6 Rxf6 22. Kh2 Qc7+ 23. Kh1 Rcf8 24. Rbe1 Nf4 25.
Ng1 Ne7 26. b3 b5 27. b4 Neg6 28. Qg3 Qf7 29. Bf3 Nd3 30. Re3 Ngf4 31. Kh2 Nb2 32. Bh1 Nfd3 33. Nf3 Na4 34. Kg1 Nxc3 35. Ne5 Qe7 36.
Nxd3 cxd3 37. Kh2 Ne2 38. Qg2 Qd6+ 39. Re5 Nxd4 40. f4 Rxf4 41. Rxf4 Rxf4 0-1

[Event "*** Titled Tuesday Blitz"]
[Site "Chess.com"]
[Date "2020.10.27"]
[Round "5"]
[White "FairChess_on_YouTube"]
[Black "Gloomy_Wanderer"]
[Result "1-0"]
[WhiteElo "2974"]
[BlackElo "2707"]
[TimeControl "180+1"]
[EndTime "10:55:58 PDT"]
[Termination "FairChess_on_YouTube won by resignation"]

1. d4 Nf6 2. c4 e6 3. Nf3 d5 4. Bg5 Bb4+ 5. Nbd2 dxc4 6. e4 Bxd2+ 7. Nxd2 Qxd4 8. f3 Qxb2 9. Nxc4 Qb4+ 10. Bd2 Qe7 11. Qa4+ Bd7 12. Qb3 b6 13. Bg5 e5 14. Ne3 Be6 15. Qc3 Nbd7 16. Bb5 O-O 17. Bxd7 Qxd7 18. Qxe5 Ne8 19. Rd1 Qc6 20. Be7 f6 21. Qb2 Rf7 22. Ba3 Rd7 23. Rxd7 Qxd7 24. O-O c5 25. Rd1 Qe7 26. Qd2 Nc7 27. Bb2 Re8 28. g4 Qf7 29. Qd6 Nb5 30. Qc6 Nd4 31. Bxd4 cxd4 32. Rxd4 Rc8 33.
Qa4 h6 34. Kg2 Rc3 35. Nd5 Bxd5 36. exd5 Qe7 37. Re4 Qd6 38. Re8+ Kf7 39. Re6 Qd8 40.
Qxa7+ Kg6 41. Re7 Rc2+ 42. Kh3 Qg8 43. Qd7 Kh7 44. Qf5+ 1-0

[Event "*** Titled Tuesday Blitz"]
[Site "Chess.com"]
[Date "2020.10.27"]
[Round "5"]
[White "Nemsko"]
[Black "AntonovaNadezhda"]
[Result "1-0"]
[WhiteElo "2351"]
[BlackElo "2120"]
[TimeControl "180+1"]
[EndTime "10:55:58 PDT"]
[Termination "Nemsko won on time"]

1. e4 c5 2. Nf3 d6 3. d4 cxd4 4. Nxd4 Nf6 5. Nc3 a6 6. Be3 e5 7.
Nb3 Be7 8. h3 h5 9. f4 b5 10.
Qf3 Bb7 11. O-O-O Qc7 12. Kb1 Nbd7 13. Bd3 b4 14. Nd5 Bxd5 15. exd5 a5 16. Bb5 a4 17.
Nd2 a3 18. fxe5 dxe5 19. d6 Qa5 20. Nb3 Qxb5 21. Qxa8+ Bd8 22. g4 O-O 23. Qf3 axb2 24.
g5 Nh7 25. Qxh5 Nb6 26. Bxb6 Qxb6 27. g6 fxg6 28. Qxg6 Nf6 29. Rhg1 Rf7 30. h4 Qb5 31. h5 Nd5 32. Kxb2 Nc3 33. h6 Nxd1+ 34. Rxd1 Bf6 35. h7+ 1-0

[Event "*** Titled Tuesday Blitz"]
[Site "Chess.com"]
[Date "2020.10.27"]
[Round "5"]
[White "alexrustemov"]
[Black "Infernal_XaM"]
[Result "1-0"]
[WhiteElo "2674"]
[BlackElo "2840"]
[TimeControl "180+1"]
[EndTime "10:55:59 PDT"]
[Termination "alexrustemov won by resignation"]

1. Nf3 d5 2. d4 Nf6 3. c4 c6 4. e3 Bg4 5. h3 Bh5 6. Nc3 e6 7. g4 Bg6 8. Ne5 Nfd7 9. Nxg6 hxg6 10. Bd2 Bd6 11. Qe2 Qh4 12. O-O-O dxc4 13. Ne4 Be7 14.
Qxc4 b5 15. Qc2 O-O 16. f4 Rc8 17. Kb1 Nf6 18. Be1 Qh8 19. Bg2 Nbd7 20. Nxf6+ Bxf6 21. h4 Rab8 22. h5 g5 23. Bg3 Rb6 24.
f5 exf5 25. Qxf5 Qh7 26. e4 Qxf5 27. gxf5 Re8 28. e5 Bd8 29. h6 g6 30. h7+ Kh8 31.
fxg6 fxg6 32. Rc1 Nb8 33. Be4 Re7 34. Bxg6 c5 35. Be4 c4 36. Rcf1 Re8 37. Rf7 Nc6 38. Rhf1 Be7 39. d5 Nd4 40. Rxe7 1-0

[Event "*** Titled Tuesday Blitz"]
[Site "Chess.com"]
[Date "2020.10.27"]
[Round "5"]
[White "DenishevM"]
[Black "Juanovic"]
[Result "1-0"]
[WhiteElo "2511"]
[BlackElo "2099"]
[TimeControl "180+1"]
[EndTime "10:55:59 PDT"]
[Termination "DenishevM won by resignation"]

1. e4 c5 2. Nf3 d6 3. Bb5+ Nd7 4. d4 a6 5. Bxd7+ Qxd7 6. O-O cxd4 7. Nxd4 Nf6 8. Nc3 e6 9. Be3 Be7 10. f4 O-O 11.
Qf3 Qc7 12. Rae1 Bd7 13. g4 Bc6 14. g5 Nd7 15. h4 b5 16. a3 Bb7 17. h5 Nc5 18.
Bf2 f5 19. gxf6 Rxf6 20. Bh4 Raf8 21. Bxf6 Bxf6 22. Nde2 Qc6 23. Qh3 d5 24. e5 Bd8 25. Nd4 Qb6 26. Kh1 Bc8 27. Nxd5 exd5 28. Qxc8 Bh4 29. Qg4 Bxe1 30. Rxe1 Ne4 31. Rxe4 dxe4 32.
Nf5 Rxf5 33. Qxf5 Qe3 34. e6 Qf3+ 35. Kh2 Qf2+ 36. Kh3 Qf3+ 37. Kh4 Qh1+ 38. Qh3 Qe1+ 39.
Kg5 Kf8 40. Qf5+ Ke7 41. Qf7+ Kd6 42. Qd7+ Kc5 43. Qc7+ Kd4 44. Qc3+ Qxc3 45. bxc3+ Kxc3 46. e7 e3 47. e8=Q Kd2 48. h6 e2 49. hxg7 e1=Q 50. Qxe1+ Kxe1 51. g8=Q 1-0

[Event "*** Titled Tuesday Blitz"]
[Site "Chess.com"]
[Date "2020.10.27"]
[Round "5"]
[White "politeplayer"]
[Black "GelmanAlexander"]
[Result "0-1"]
[WhiteElo "2217"]
[BlackElo "2581"]
[TimeControl "180+1"]
[EndTime "10:56:01 PDT"]
[Termination "GelmanAlexander won on time"]

1. e4 c5 2. d4 cxd4 3. c3 dxc3 4.
Nxc3 e6 5. Bc4 a6 6. Nf3 b5 7. Bb3 Nc6 8. O-O Na5 9. Bd5 exd5 10. Nxd5 Bb7 11. Re1 Be7 12. Be3 Bxd5 13. exd5 d6 14. Nd4 Kf8 15. Qf3 Bf6 16. Rac1 Ne7 17. Bg5 Ng6 18.
Rc7 Qxc7 19. Bxf6 gxf6 20. Qxf6 Re8 21. Ne6+ Rxe6 22. dxe6 Qe7 23. Qc3 Nc4 24. f4 fxe6 25.
f5 Nge5 26. b3 Nb6 27. f6 Qd7 28. Qe3 Nd5 29. Qh6+ Ke8 30. Rc1 Rf8 31. g3 Qa7+ 0-1